 Dungeon Crawl Stone Soup version 0.24.0-13-gcf9b3192b9 (webtiles) character file.

Game seed: 1307189707027363216, levelgen mode: deterministic

5709 Delamore the Cleaver (level 10, -11/81 HPs)
             Began as a Hill Orc Fighter on Nov 8, 2019.
             Was a Priest of Beogh.
             Mangled by a very large slime creature (43 damage)
             ... on level 12 of the Dungeon.
             The game lasted 00:22:33 (11201 turns).

Delamore the Cleaver (Hill Orc Fighter)            Turns: 11201, Time: 00:22:34

Health: -11/81     AC:  9    Str: 30    XL:     10   Next: 76%
Magic:  10/10      EV:  9    Int:  8    God:    Beogh [***...]
Gold:   239        SH: 18    Dex: 10    Spells: 9/9 levels left

rFire    . . .     SeeInvis .   a - +1 war axe
rCold    . . .     Gourm    .   c - +0 shield
rNeg     . . .     Faith    .   E - +0 swamp dragon scales
rPois    +         Spirit   .   b - +0 helmet
rElec    .         Reflect  +   (no cloak)
rCorr    .         Harm     .   (no gloves)
MR       .....                  (no boots)
Stlth    +.........             B - +5 amulet of reflection
HPRegen  0.23/turn              M - +4 ring of strength
MPRegen  0.12/turn              h - +3 ring of strength

@: very slightly contaminated
A: no striking features
a: Smiting, Renounce Religion


You were on level 12 of the Dungeon.
You worshipped Beogh.
Beogh was most pleased with you.
You were very hungry.

You visited 1 branch of the dungeon, and saw 11 of its levels.
You also visited: Sewer.

You collected 448 gold pieces.
You spent 209 gold pieces at shops.

Inventory:

Hand Weapons
 a - a +1 war axe (weapon)
 e - a +2 glaive of venom
 i - a cursed +4 falchion of freezing
Missiles
 j - 24 poisoned darts
 m - 6 javelins (quivered)
 O - a throwing net
Armour
 b - a +0 helmet (worn)
 c - a +0 shield (worn)
 s - +1 ice dragon scales
 E - +0 swamp dragon scales (worn)
Magical Staves
 L - an uncursed staff of fire
Jewellery
 h - a +3 ring of strength (right hand)
 B - a +5 amulet of reflection (around neck)
 M - a +4 ring of strength (left hand)
Wands
 y - a wand of acid (11)
 C - a wand of polymorph (12)
 F - a wand of disintegration (14)
 H - a wand of digging (6)
 I - a wand of flame (18)
 J - a wand of enslavement (15)
Scrolls
 k - 2 scrolls of identify
 l - 2 scrolls of fog
 n - 3 scrolls of teleportation
 o - a scroll of random uselessness
 t - 2 scrolls of blinking
 u - a scroll of amnesia
 D - a scroll of fear
 G - a scroll of remove curse
 K - a scroll of magic mapping
 P - 2 scrolls of enchant armour
Potions
 d - a potion of resistance
 g - 2 potions of lignification
 p - 4 potions of agility
 q - 4 potions of curing
 r - 4 potions of brilliance
 v - 2 potions of flight
 w - 4 potions of might
 x - 3 potions of heal wounds
 z - 2 potions of ambrosia
 A - a potion of berserk rage
Comestibles
 f - 13 rations


   Skills:
 + Level 5.5 Fighting
 + Level 14.3 Axes
 - Level 0.6 Throwing
 + Level 5.2 Armour
 + Level 0.9 Stealth
 * Level 10.8 Shields


You had 9 spell levels left.
You didn't know any spells.
Your spell library contained the following spells:

 Spells                   Type           Power        Failure   Level  Hunger
 Animate Skeleton         Necr           N/A          71%         1    ##.....
 Apportation              Tloc           #.....       71%         1    ##.....
 Confusing Touch          Hex            #.....       71%         1    ##.....
 Summon Small Mammal      Summ           #...         71%         1    ##.....


Dungeon Overview and Level Annotations

Branches:
Dungeon (10/15)            Temple (0/1) D:5            Lair (0/6) D:10
    Orc (0/2) D:9           Sewer (visited)

Altars:
Cheibriados
Dithmenos
Elyvilon
Fedhas
Gozag
Kikubaaqudgha
Okawaru
Ru
Trog
Zin
The Shining One

Shops:
D:2 *   D:5 !   D:12 :


Message History

You are too injured to fight recklessly!
Blink to where?
Press: ? - help, Dir - move target cursor You are very lightly contaminated with residual magic.
As you read the scroll of blinking, it crumbles to dust.
Found a scroll of blinking.
You feel much better.
You slash the large slime creature!
The large slime creature is almost dead.
You slash the large slime creature!
The large slime creature is almost dead.
You block the large slime creature's attack.
Two slime creatures merge to form a very large slime creature.
You slash the very large slime creature!
The very large slime creature is almost dead.
You hit the very large slime creature.
The very large slime creature is almost dead.
The very large slime creature hits you!!!
Ouch! That really hurt!
You die...

#.# #.# #.#
#.####### #.#
#........
##.##########. #
## ###.#.## #.
#.##.
?#.###.########.
...#..#
##§......##
#..J#
#(§#####.## ##@#
#.#.. #.## #.#
#[.#### #.## ...
#. #... #.... ..
#... #...###
......> ...##
#.##... ##.# #
#... #.# #.##
....


You could see a very large slime creature.

Vanquished Creatures
  A gargoyle (D:12)
  A hornet (D:7)
  A slime creature (D:12)
  A wyvern (D:8)
  A water moccasin (D:5)
  6 orc warriors
  An ice beast (D:9)
  A necrophage (D:5)
  A sky beast (D:8)
  A black bear (D:6)
  7 ogres
  A centaur (D:8)
  4 big kobolds (Sewer)
  Blork the orc (D:6)
  A gnoll sergeant (D:9)
  4 bullfrogs
  5 scorpions
  15 killer bees
  5 wights (D:6)
  2 howler monkeys
  A crimson imp (D:9)
  2 bullfrog skeletons
  A bullfrog zombie (D:7)
  15 orc wizards
  4 hounds
  A centaur skeleton (D:4)
  4 orc priests (D:9)
  2 iguanas (D:4)
  6 worker ants
  A killer bee zombie (D:6)
  A worker ant zombie (D:7)
  Robin (D:2)
  4 gnolls (D:9)
  7 adders
  2 shadow imps
  2 oozes
  An adder zombie (D:5)
  2 worms
  3 dart slugs (D:1)
  6 leopard geckos
  24 orcs
  8 ball pythons
  2 bat zombies (D:4)
  7 giant cockroaches
  19 goblins
  11 hobgoblins
  13 jackals
  13 kobolds
  4 quokkas
  8 bats
  8 frilled lizards
  A leopard gecko skeleton (D:5)
  A leopard gecko zombie (D:6)
  A quokka skeleton (D:5)
  13 rats
  A rat zombie (D:4)
260 creatures vanquished.

Notes
Turn   | Place    | Note
-------+----------+-------------------------------------------
     0 | D:1      | Delamore the Hill Orc Fighter began the quest for the Orb.
     0 | D:1      | Reached XP level 1. HP: 19/19 MP: 1/1
   213 | D:1      | Reached skill level 3 in Axes
   377 | D:1      | Reached XP level 2. HP: 24/26 MP: 2/2
   565 | D:1      | Reached skill level 4 in Axes
   640 | D:1      | Reached XP level 3. HP: 29/31 MP: 3/3
   985 | D:2      | Noticed an ogre
   993 | D:2      | Killed an ogre
   993 | D:2      | Reached skill level 6 in Axes
   993 | D:2      | Reached XP level 4. HP: 3/39 MP: 4/4
   993 | D:2      | Reached XP level 5. HP: 4/45 MP: 5/5
  1644 | D:2      | Found an opulent altar of Gozag.
  1648 | D:2      | Found Gozag's Platinum Reserve.
  1781 | D:2      | Reached skill level 7 in Axes
  2179 | D:2      | Noticed Robin
  2204 | D:2      | Killed Robin
  2519 | D:2      | Found a snail-covered altar of Cheibriados.
  2828 | D:3      | Found a glowing drain.
  2834 | D:3      | Reached XP level 6. HP: 48/51 MP: 6/6
  2854 | Sewer    | Entered a sewer
  2983 | Sewer    | Reached skill level 8 in Axes
  3023 | Sewer    | Reached skill level 9 in Axes
  3134 | Sewer    | Reached XP level 7. HP: 51/57 MP: 7/7
  3347 | D:3      | Found a white marble altar of Elyvilon.
  3435 | D:3      | Reached skill level 10 in Axes
  3895 | D:4      | Found a sacrificial altar of Ru.
  4362 | D:4      | Became a worshipper of Beogh the Brigand
  4503 | D:4      | Reached skill level 11 in Axes
  4687 | D:4      | Found a glowing golden altar of the Shining One.
  4697 | D:4      | Reached XP level 8. HP: 64/64 MP: 8/8
  4761 | D:4      | Found an ancient bone altar of Kikubaaqudgha.
  4982 | D:5      | Entered Level 5 of the Dungeon
  5459 | D:5      | Found a staircase to the Ecumenical Temple.
  5491 | D:5      | Found Taaru's Distillery.
  5501 | D:5      | Bought a potion of might for 44 gold pieces
  5501 | D:5      | Bought a potion of might for 44 gold pieces
  5501 | D:5      | Bought a potion of heal wounds for 55 gold pieces
  5501 | D:5      | Bought a potion of degeneration for 11 gold pieces
  5569 | D:5      | Reached skill level 5 in Shields
  6027 | D:5      | Bought a potion of heal wounds for 55 gold pieces
  6082 | D:6      | Noticed Blork the orc
  6088 | D:6      | Killed Blork the orc
  6233 | D:6      | Reached skill level 12 in Axes
  6583 | D:6      | Reached * piety under Beogh
  6591 | D:6      | Reached XP level 9. HP: 63/71 MP: 9/9
  7010 | D:7      | Reached skill level 13 in Axes
  7045 | D:7      | Noticed a hornet
  7060 | D:7      | Paralysed by a hornet for 1 turns
  7073 | D:7      | Killed a hornet
  8239 | D:8      | Found a blossoming altar of Fedhas.
  8531 | D:8      | Reached XP level 10. HP: 75/80 MP: 10/10
  8759 | D:8      | Found a shadowy altar of Dithmenos.
  8887 | D:9      | Reached ** piety under Beogh
  9152 | D:8      | Reached skill level 5 in Fighting
  9194 | D:9      | Found a staircase to the Orcish Mines.
  9464 | D:9      | Found a bloodstained altar of Trog.
  9465 | D:9      | Found an iron altar of Okawaru.
  9773 | D:9      | Reached skill level 14 in Axes
 10123 | D:9      | Reached skill level 10 in Shields
 10398 | D:9      | Reached skill level 5 in Armour
 10498 | D:9      | Found a glowing silver altar of Zin.
 10585 | D:10     | Entered Level 10 of the Dungeon
 10605 | D:10     | Found a staircase to the Lair.
 10773 | D:10     | You fall into a shaft and drop 2 floors!
 10803 | D:12     | Found Zockes's Book Boutique.
 10808 | D:12     | Noticed a gargoyle
 10831 | D:12     | Killed a gargoyle
 10905 | D:12     | Reached *** piety under Beogh
 11201 | D:12     | Mangled by a very large slime creature

Levels and vault maps discovered:
D:1:      dpeg_arrival_long_road, layout_rooms, serial_co_window_serial,
          co_window_paths_a, co_window_cross_1, co_window_paths_a,
          co_window_corner_a, co_window_paths_b, co_window_paths_a,
          co_window_paths_b, co_window_corner_a, co_window_of_opportunity_a,
          co_window_corner_b, co_window_corner_b, co_window_cross_4,
          co_window_of_opportunity_c, co_window_4corner_a, glass_columns_b,
          glass_columns_b, glass_columns_b, glass_columns_b
D:2:      layout_basic, nicolae_gozag_zags_fifth_avenue, cheibriados_altar_1,
          uniq_robin
D:3:      layout_loops_ring, lemuel_round_altar, nicolae_overflow_hidden_temple,
          first_ration, cheibrodos_sewer_entry_drain
D:4:      layout_basic, nicolae_overflow_crystal_walls,
          lemuel_zombie_altar_kikubaaqudgha, nicolae_ru_sacrificial_ziggurat
D:5:      layout_basic, minmay_temple_entry_drinking_statues, serial_shops, shop
D:6:      minmay_inner_zag, layout_loops_ring, uniq_blork_the_orc
D:7:      layout_rooms
D:8:      layout_gridville, overflow_temple_1_default, grunt_dithmenos_smoke
D:9:      layout_irregular_city, grunt_temple_overflow_bloody_war,
          lemuel_coloured_pillars_altar, erik_orc_3
D:10:     layout_loops_ring, lair_entry_dummy, serial_shops, nicolae_shop_trees,
          uniq_nergalle
D:12:     layout_loops_ring, maelrawn_ghost_gauntlet_escape, serial_shops, shop,
          kennysheep_opposing_triangles

Skill      XL: |  1  2  3  4  5  6  7  8  9 10 |
---------------+-------------------------------+-----
Axes           | 3 4 6 7 9 11 12 13 14 | 14.3
Shields        | 6 8 10 | 10.8
Fighting       | 4 5 |  5.5
Armour         | 4 5 |  5.2
Throwing       | |  0.6
Stealth        | |  0.9

Action                   |  1- 3 |  4- 6 |  7- 9 | 10-12 || total
-------------------------+-------+-------+-------+-------++-------
Melee: War axe           |    60 |   215 |   371 |   232 ||   878
Throw: Dart              |     2 |     1 |       |       ||     3
       Javelin           |       |       |    10 |     2 ||    12
Invok: Convert to Beogh  |       |       |     1 |       ||     1
Evoke: Wand              |       |       |     1 |       ||     1
  Use: Potion            |     1 |       |     3 |     2 ||     6
       Scroll            |       |     3 |    14 |     5 ||    22
  Eat: Chunk             |       |     8 |    13 |     8 ||    29
       Ration            |       |       |     1 |       ||     1
Armor: Scale mail        |    33 |    32 |       |       ||    65
       Ice dragon scales |       |   101 |    97 |       ||   198
       Swamp dragon scal |       |       |    31 |    40 ||    71
       Skin              |       |       |       |    19 ||    19
Dodge: Dodged            |    27 |    76 |    94 |    44 ||   241
Block: Shield            |    19 |   122 |   247 |   208 ||   596
       Reflection        |       |       |     9 |     2 ||    11
